[Event "fics rated crazyhouse match"]
[Site "fics, Oklahoma City, OK USA"]
[Date "2000.10.21"]
[White "Gobi"]
[WhiteElo "2329"]
[Black "nasnad"]
[BlackElo "2397"]
[TimeControl "60+0"]
[Result "0-1"]

1. e4 Nf6 2. Nf3 d5 3. exd5 Nxd5 4. d4 Nc6 5. Be2 Bf5 6. Nc3 
e6 7. O-O Nxc3 8. bxc3 N@e4 9. Qe1 P@b4 10. P@b2 bxc3 11. bxc3 Be7 
12. Rb1 Rb8 13. Bd3 P@d5 14. N@h5 Rg8 15. Bf4 Bg6 16. Ng3 Nxg3 17. Bxg3 
N@e4 18. N@e5 Nxe5 19. Nxe5 N@f6 20. Nxg6 hxg6 21. N@e5 N@c6 22. Nxc6 bxc6 
23. Rxb8 Qxb8 24. N@a6 Nxg3 25. Nxc7+ Qxc7 26. fxg3 B@e4 27. B@e5 N@d6 28. P@c5 
N@f5 29. cxd6 Bxd6 30. Bxd6 Nxd6 31. P@e5 Bxd3 32. cxd3 P@d2 33. Qxd2 B@h6 
34. exd6 Qxd6 35. N@b7 B@e3+ 36. P@f2 Qc7 37. N@d6+ Kd7 38. N@e5+ Ke7 39. Nc5 
Qxd6 
{Gobi forfeits on time} 0-1

[Event "fics rated crazyhouse match"]
[Site "fics, Oklahoma City, OK USA"]
[Date "2000.10.21"]
[White "nasnad"]
[WhiteElo "2403"]
[Black "Gobi"]
[BlackElo "2323"]
[TimeControl "60+0"]
[Result "1-0"]

1. e4 Nc6 2. Nc3 e6 3. d4 Nf6 4. e5 Nd5 5. Nxd5 exd5 6. Nf3 
d6 7. Bb5 Be6 8. N@g5 Qd7 9. Nxe6 fxe6 10. B@h3 N@f7 11. exd6 cxd6 
12. P@e5 dxe5 13. Nxe5 Nfxe5 14. dxe5 Bc5 15. P@d4 Bb4+ 16. c3 Be7 17. N@f4 
P@f5 18. Bxc6 bxc6 19. N@c5 Bxc5 20. dxc5 O-O 21. B@h5 N@e4 22. O-O P@g4 
23. B3xg4 fxg4 24. Bxg4 B@f5 25. Bxf5 Rxf5 26. B@g4 Rxe5 27. P@d4 P@f5 28. Bf3 
Nxc3 29. bxc3 Re4 30. N@e5 Rxe5 31. dxe5 N@c4 32. R@d6 Nxd6 33. cxd6 N@c4 
34. N@e7+ Kf7 35. P@g6+ hxg6 36. Nfxg6 P@h6 37. Bh5 P@h7 38. Nh8+ Kf8 39. P@f6 
N@g6 40. Nhxg6+ hxg6 41. fxg7# 
{Gobi forfeits on time} 1-0

[Event "fics rated crazyhouse match"]
[Site "fics, Oklahoma City, OK USA"]
[Date "2000.10.21"]
[White "Gobi"]
[WhiteElo "2317"]
[Black "nasnad"]
[BlackElo "2409"]
[TimeControl "60+0"]
[Result "0-1"]

1. e4 Nf6 2. Nc3 d5 3. Nf3 dxe4 4. Ng5 Nc6 5. Ncxe4 e5 6. Nxf7 
Kxf7 7. Ng5+ Ke7 8. Bc4 P@d5 9. Bb5 N@e6 10. Bxc6 Nxg5 11. d4 Nge4 
12. dxe5 bxc6 13. exf6+ Nxf6 14. Bg5 B@e6 15. P@e5 N@e4 16. exf6+ gxf6 17. P@e5 
P@g7 18. Bh4 P@g5 19. exf6+ gxf6 20. P@d3 Nd6 21. P@e5 gxh4 22. exf6+ Kd7 
23. N@e5+ Ke8 24. N@g7+ Bxg7 25. fxg7 Rg8 26. N@h5 B@f6 27. Nxc6 Bxg7 28. Nxd8 
Kxd8 29. P@f6 Bh6 30. P@e7+ Kd7 31. B@c6+ Kxc6 32. Qf3 N@d4 33. Kd1 Nxf3 
34. Q@a4+ B@b5 35. Qa6+ Bbxa6 
{Gobi forfeits on time} 0-1

[Event "fics rated crazyhouse match"]
[Site "fics, Oklahoma City, OK USA"]
[Date "2000.10.21"]
[White "nasnad"]
[WhiteElo "2415"]
[Black "Gobi"]
[BlackElo "2311"]
[TimeControl "60+0"]
[Result "1-0"]

1. e4 Nc6 2. Nc3 Nf6 3. d4 e5 4. dxe5 Nxe5 5. P@f4 Ng6 6. e5 
Ng8 7. Nf3 Bb4 8. Bd2 N8e7 9. Bd3 d6 10. exd6 cxd6 11. P@h5 Bxc3 
12. bxc3 Nd5 13. hxg6 hxg6 14. B@c4 Be6 15. Bxd5 Bxd5 16. N@e3 Bc6 17. N@d4 
N@c5 18. f5 P@e4 19. fxg6 fxg6 20. Nxc6 bxc6 21. P@d4 exd3 22. dxc5 B@e2 
23. Qb1 Bxf3 24. cxd3 Bxg2 25. Nxg2 N@f3+ 26. Kd1 Nxd2 27. Kxd2 N@f3+ 28. Kd1 
Qg5 29. N@e3 Rxh2 30. P@d7+ Kxd7 31. Qb7+ B@c7 32. Rxh2 Nxh2 33. R@f7+ B@e7 
34. B@h3# 
{Gobi forfeits on time} 1-0

[Event "fics rated crazyhouse match"]
[Site "fics, Oklahoma City, OK USA"]
[Date "2000.10.21"]
[White "Gobi"]
[WhiteElo "2305"]
[Black "nasnad"]
[BlackElo "2421"]
[TimeControl "60+0"]
[Result "0-1"]

1. e4 Nf6 2. Nc3 e5 3. Nf3 Nc6 4. Bc4 Bc5 5. O-O O-O 6. Nd5 
Ng4 7. d3 d6 8. Bg5 Qe8 9. Qe2 Be6 10. c3 h6 11. Bh4 Rc8 
12. Bb5 a6 13. Bxc6 bxc6 14. Ne7+ Kh7 15. Nxc8 Qxc8 16. d4 exd4 17. cxd4 
N@f4 18. Qd2 Nxg2 19. dxc5 Nxh4 20. Nxh4 B@g5 21. B@f5+ Bxf5 22. exf5 P@g6 
23. B@e4 B@h5 24. fxg6+ fxg6 25. Nxg6 B@f5 26. Nxf8+ Qxf8 27. Qd3 Bxe4 28. Qxe4+ 
B@f5 29. N@e6 N@h3+ 30. Kg2 Bxe4+ 31. f3 Ne3# 
{Gobi resigns} 0-1

[Event "fics rated crazyhouse match"]
[Site "fics, Oklahoma City, OK USA"]
[Date "2000.10.21"]
[White "nasnad"]
[WhiteElo "2426"]
[Black "Gobi"]
[BlackElo "2300"]
[TimeControl "60+0"]
[Result "0-1"]

1. e4 Nc6 2. Nc3 Nf6 3. Nf3 e5 4. Bc4 Bc5 5. O-O O-O 6. d3 
d6 7. Bg5 Bg4 8. Nd5 Nxd5 9. Bxd8 Nf4 10. Bh4 N@e2+ 11. Kh1 Bxf3 
12. gxf3 Ncd4 13. Rg1 N@g6 14. B@h5 Nxh5 15. Q@h3 Nxg1 16. Qxg1 Nhf4 17. Qhg4 
B@h5 18. N@e7+ Kh8 19. Q4g3 Bxf3+ 20. Qxf3 Nxf3 21. B@f6 Q@h6 22. Bxg7+ Qxg7 
23. P@f6 Qh6 24. Nxg6+ hxg6 25. Bg3 Nxg1 26. Rxg1 B@f3+ 27. N@g2 P@h3 28. N@e1 
hxg2+ 29. Rxg2 Q@f1# 
{nasnad checkmated} 0-1

[Event "fics rated crazyhouse match"]
[Site "fics, Oklahoma City, OK USA"]
[Date "2000.10.21"]
[White "Gobi"]
[WhiteElo "2311"]
[Black "nasnad"]
[BlackElo "2415"]
[TimeControl "60+0"]
[Result "0-1"]

1. e4 Nf6 2. Nc3 Nc6 3. d4 e5 4. dxe5 Nxe5 5. P@d4 Nc6 6. e5 
Bb4 7. exf6 Qxf6 8. N@d5 Qe6+ 9. Be3 Qxd5 10. Nf3 N@e4 11. Qd3 Bxc3+ 
12. bxc3 P@b2 13. Rd1 N@f6 14. B@b3 Qd6 15. Bxf7+ Kxf7 16. P@e5 Qe7 17. exf6 
Nxf6 18. Ng5+ Ke8 19. Qb5 P@f4 20. N@f5 fxe3 21. fxe3 B@h4+ 22. Nxh4 Qxe3+ 
23. Be2 B@f2+ 24. Kf1 Bxh4 25. P@f7+ Kd8 26. Nh3 Qe7 27. B@f2 Bxf2 28. Kxf2 
B@e3+ 29. Kf1 Qxf7 30. Qxc6 dxc6 31. N@e5 Qe7 
{Gobi forfeits on time} 0-1

[Event "fics rated crazyhouse match"]
[Site "fics, Oklahoma City, OK USA"]
[Date "2000.10.21"]
[White "nasnad"]
[WhiteElo "2421"]
[Black "Gobi"]
[BlackElo "2305"]
[TimeControl "60+0"]
[Result "1-0"]

1. e4 Nc6 2. Nc3 Nf6 3. Nf3 e6 4. e5 Ng4 5. d4 d6 6. exd6 
Bxd6 7. Bb5 Bd7 8. P@e5 Be7 9. O-O Nb4 10. Bxd7+ Qxd7 11. B@h3 h5 
12. Bf4 B@f5 13. Rc1 Nxf2 14. Rxf2 P@g4 15. Ng5 Bxg5 16. Bxg5 gxh3 17. gxh3 
N@d5 18. P@e4 P@e3 19. Bxe3 Nxe3 20. Qf3 Qxd4 21. B@b5+ P@c6 22. N@b3 Qb6 
23. P@c5 cxb5 24. cxb6 axb6 25. Qxe3 Nxa2 26. exf5 Nxc1 27. fxe6 R@g6+ 28. B@g3 
Rxe6 29. P@f5 B@c5 30. Nxc5 bxc5 31. fxe6 
{Gobi forfeits on time} 1-0

[Event "fics rated crazyhouse match"]
[Site "fics, Oklahoma City, OK USA"]
[Date "2000.10.21"]
[White "Gobi"]
[WhiteElo "2300"]
[Black "nasnad"]
[BlackElo "2426"]
[TimeControl "60+0"]
[Result "1-0"]

1. e4 Nf6 2. Nc3 e5 3. Nf3 Nc6 4. Bc4 Bc5 5. O-O d6 6. d3 
Bg4 7. h3 Bxf3 8. Qxf3 Nd4 9. Qd1 O-O 10. Bg5 N@e6 11. Bxe6 fxe6 
12. B@h4 B@d7 13. N@h5 Nxh5 14. Bxd8 Nf4 15. Qg4 Raxd8 16. Bxd8 Rxd8 17. R@e7 
B@f6 18. Rxd7 Rxd7 19. Q@e8+ N@f8 20. Nd5 Nde2+ 21. Kh2 exd5 22. Qgxd7 B@e7 
23. B@f7+ Kh8 24. R@g8# 
{nasnad checkmated} 1-0

[Event "fics rated crazyhouse match"]
[Site "fics, Oklahoma City, OK USA"]
[Date "2000.10.21"]
[White "nasnad"]
[WhiteElo "2415"]
[Black "Gobi"]
[BlackElo "2311"]
[TimeControl "60+0"]
[Result "0-1"]

1. e4 Nf6 2. Nc3 e5 3. Nf3 Nc6 4. Bc4 Bc5 5. d3 O-O 6. h3 
h6 7. O-O d6 8. Nd5 Nd4 9. Nxf6+ Qxf6 10. N@d5 Nxf3+ 11. gxf3 Qh4 
12. Kg2 Qxh3+ 13. Kg1 P@h2+ 14. Kh1 Bxf2 15. N@e2 P@g2# 
{nasnad checkmated} 0-1

[Event "fics rated crazyhouse match"]
[Site "fics, Oklahoma City, OK USA"]
[Date "2000.10.22"]
[White "liveZ"]
[WhiteElo "2391"]
[Black "Sjeng"]
[BlackElo "2147"]
[TimeControl "180+0"]
[Result "1-0"]

1. e4 e6 2. d4 Nf6 3. Bg5 Be7 4. Nc3 Nc6 5. Nf3 d5 6. exd5 
exd5 7. Bb5 P@b4 8. Ne2 Ne4 9. Bxe7 Qxe7 10. Ne5 B@d2+ 11. Kf1 Bd7 
12. Nxd7 Qxd7 13. P@f3 Nxf2 14. Kxf2 P@e3+ 15. Kf1 N@f2 16. B@g3 Nxd1 17. Rxd1 
Q@e7 18. N@h5 Qg5 19. N@f4 a6 20. Bxc6 Qxc6 21. B@d3 Qgh6 22. N@e5 Qcd6 
23. Ng4 Qg5 24. h4 Qge7 25. Nxg7+ Kf8 26. Ngh5 Rg8 27. P@e5 Qdd8 28. Bxh7 
Rxg4 29. fxg4 N@h6 30. P@f6 Qed7 31. g5 B@g8 32. Bxg8 Kxg8 33. gxh6 B@c4 
34. h7+ Kxh7 35. R@g7+ Kh8 36. N@g6+ fxg6 37. Nxg6# 
{Sjeng checkmated} 1-0

[Event "fics rated crazyhouse match"]
[Site "fics, Oklahoma City, OK USA"]
[Date "2000.10.22"]
[White "BEO"]
[WhiteElo "2284"]
[Black "MrCool"]
[BlackElo "2402"]
[TimeControl "180+0"]
[Result "0-1"]

1. e4 e6 2. d4 d6 3. Nf3 Nf6 4. Bd3 Be7 5. Nc3 Nc6 6. O-O 
e5 7. dxe5 dxe5 8. P@d5 P@h3 9. gxh3 Bxh3 10. dxc6 bxc6 11. Re1 Bc5 
12. Ng5 Bxf2+ 13. Kxf2 Ng4+ 14. Kg3 P@f4+ 15. Kxh3 Nf2+ 16. Kg2 Nxd1 17. B@h4 
Qxg5+ 18. Bxg5 Q@g4+ 19. P@g3 f3+ 20. Kf1 P@g2+ 21. Kg1 P@f2# 
{BEO checkmated} 0-1

[Event "fics rated crazyhouse match"]
[Site "fics, Oklahoma City, OK USA"]
[Date "2000.10.22"]
[White "MrCool"]
[WhiteElo "2413"]
[Black "BEO"]
[BlackElo "2279"]
[TimeControl "180+0"]
[Result "0-1"]

1. e4 e6 2. d4 d5 3. e5 Ne7 4. Nf3 Nf5 5. Bd3 Nc6 6. Be3 
Be7 7. O-O O-O 8. Nc3 f6 9. Bxf5 exf5 10. exf6 Bxf6 11. P@g5 Be7 
12. N@h5 B@h8 13. Nf4 P@e6 14. g6 hxg6 15. Nxg6 Rf6 16. Nfe5 P@h6 17. P@f7+ 
Rxf7 18. Nxh8 Nxe5 19. Nxf7 Nxf7 20. B@h5 P@f6 21. Bxh6 gxh6 22. P@g6 Ng5 
23. Nxd5 exd5 24. P@f7+ Kg7 25. R@g8+ Qxg8 26. fxg8=Q+ Kxg8 27. f4 B@e3+ 28. Rf2 
Bxf2+ 29. Kxf2 N@e4+ 30. Kf1 R@h1+ 31. Ke2 R@f2+ 32. Ke3 N@c4+ 33. Kd3 N@b4# 
{MrCool checkmated} 0-1

[Event "fics rated crazyhouse match"]
[Site "fics, Oklahoma City, OK USA"]
[Date "2000.10.22"]
[White "BEO"]
[WhiteElo "2290"]
[Black "MrCool"]
[BlackElo "2392"]
[TimeControl "180+0"]
[Result "1-0"]

1. e4 e6 2. d4 d6 3. Nf3 Nf6 4. Bd3 Nc6 5. O-O Be7 6. Nc3 
e5 7. dxe5 Nxe5 8. Nxe5 dxe5 9. N@f5 Bxf5 10. exf5 N@h4 11. B@h3 N@d4 
12. P@e6 O-O 13. exf7+ Rxf7 14. P@e6 Rf8 15. Bg5 Nxg2 16. Bxg2 P@g4 17. Bxf6 
P@f3 18. Bxe7 Qxe7 19. B@f7+ Kh8 20. Nd5 Qd6 21. N@h4 fxg2 22. N@g6+ hxg6 
23. Nxg6+ Kh7 24. Nxf8+ Rxf8 25. Bg6+ Kg8 26. P@f7# 
{MrCool resigns} 1-0

[Event "fics rated crazyhouse match"]
[Site "fics, Oklahoma City, OK USA"]
[Date "2000.10.22"]
[White "MrCool"]
[WhiteElo "2373"]
[Black "BEO"]
[BlackElo "2300"]
[TimeControl "180+0"]
[Result "1-0"]

1. e4 e6 2. d4 d5 3. e5 Ne7 4. Nf3 Nf5 5. Bd3 Nc6 6. Be3 
Be7 7. O-O O-O 8. Nc3 f6 9. Bxf5 exf5 10. N@h5 B@g4 11. Nxg7 Kxg7 
12. exf6+ Bxf6 13. P@e5 Be7 14. P@f6+ Rxf6 15. exf6+ Bxf6 16. R@g3 P@h4 17. Nxh4 
Bxh4 18. P@h6+ Kg8 19. f3 Bxg3 20. hxg3 Bh5 21. Ne2 N@f6 22. B@g5 P@e7 
23. Nf4 Bf7 24. Qe2 P@g6 25. Rae1 R@e8 26. Bf2 N@c4 27. Bxf6 exf6 28. Qxe8+ 
Bxe8 29. R@g7+ Kf8 30. Rxh7 B@g8 31. Rh8 Bf7 32. P@g7# 
{BEO checkmated} 1-0

[Event "fics rated crazyhouse match"]
[Site "fics, Oklahoma City, OK USA"]
[Date "2000.10.22"]
[White "BEO"]
[WhiteElo "2294"]
[Black "MrCool"]
[BlackElo "2384"]
[TimeControl "180+0"]
[Result "0-1"]

1. e4 e6 2. d4 d6 3. Nf3 Nf6 4. Bd3 Be7 5. O-O Nc6 6. Nc3 
e5 7. dxe5 dxe5 8. P@d5 P@h3 9. gxh3 Bxh3 10. dxc6 bxc6 11. Re1 Bc5 
12. P@e3 Ng4 13. N@g5 Nxf2 14. Kxf2 P@g4 15. Nxh3 gxh3 16. B@g4 N@f6 17. Bxh3 
P@g4 18. N@f5 Rg8 19. Ng5 gxh3 20. Nxh3 B@g4 21. P@f3 Bxh3 22. P@g2 Bxf5 
23. exf5 P@f4 24. Kf1 fxe3 25. Bxe3 Bxe3 26. Rxe3 B@d4 27. Re2 N@f4 28. P@f2 
P@h3 29. gxh3 Nxe2 30. Qxe2 N@f4 31. Qd2 R@h1+ 32. B@g1 Nxh3 33. Kg2 Bxc3 
34. bxc3 N@f4+ 35. Kg3 N6h5+ 36. Kg4 Qg5# 
{BEO checkmated} 0-1

[Event "fics rated crazyhouse match"]
[Site "fics, Oklahoma City, OK USA"]
[Date "2000.10.22"]
[White "MrCool"]
[WhiteElo "2394"]
[Black "BEO"]
[BlackElo "2288"]
[TimeControl "180+0"]
[Result "0-1"]

1. e4 e6 2. d4 d5 3. exd5 exd5 4. Nf3 Nf6 5. Bb5+ c6 6. Be2 
Be7 7. Bf4 P@d6 8. O-O O-O 9. Nc3 Nbd7 10. Re1 Ne4 11. Bd3 Ndf6 
12. P@h6 gxh6 13. Bxe4 dxe4 14. Rxe4 P@g7 15. Re1 Bg4 16. Qd3 B@g6 17. P@e4 
d5 18. Nd2 dxe4 19. Ncxe4 Nxe4 20. Nxe4 P@d5 21. P@c7 Qd7 22. N@e5 Qf5 
23. Bxh6 dxe4 24. Bxg7 exd3 25. N@h6+ Kxg7 26. Nxf5+ B4xf5 27. Nxg6 N@h3+ 28. gxh3 
N@f3+ 29. Kh1 B@g2+ 30. Kxg2 N@h4+ 31. Nxh4 Nxh4+ 32. Kg3 Q@f3# 
{MrCool checkmated} 0-1

[Event "fics rated crazyhouse match"]
[Site "fics, Oklahoma City, OK USA"]
[Date "2000.10.23"]
[White "ronenl"]
[WhiteElo "2242"]
[Black "Gobi"]
[BlackElo "2321"]
[TimeControl "180+0"]
[Result "0-1"]

1. e4 e5 2. Nc3 Nf6 3. Nf3 Nc6 4. Bc4 Bc5 5. d3 d6 6. h3 
Be6 7. Bxe6 fxe6 8. O-O O-O 9. B@b3 Qe8 10. Ng5 Nd4 11. Bc4 B@h4 
12. Nxe6 Nxe6 13. P@f5 Bhxf2+ 14. Rxf2 P@g3 15. B@e3 gxf2+ 16. Bxf2 N@g3 17. Bxc5 
R@h1+ 18. Kf2 Rxd1 19. Nxd1 Nfxe4+ 20. dxe4 Nxe4+ 21. Kg1 Rxf5 22. B@d5 Nxc5 
23. R@f2 Q@e1+ 24. N@f1 Rxf2 25. Nxf2 P@g3 26. Bxe6+ Nxe6 
{ronenl resigns} 0-1

[Event "fics rated crazyhouse match"]
[Site "fics, Oklahoma City, OK USA"]
[Date "2000.10.23"]
[White "BEO"]
[WhiteElo "2298"]
[Black "Gobi"]
[BlackElo "2327"]
[TimeControl "180+0"]
[Result "0-1"]

1. e4 Nf6 2. e5 Nd5 3. d4 e6 4. Nf3 d6 5. Be2 Nc6 6. O-O 
dxe5 7. Nxe5 Nxe5 8. dxe5 Bd7 9. Nc3 Bc6 10. N@d4 Nxc3 11. bxc3 Bxg2 
12. Kxg2 N@h4+ 13. Kh3 Ng6 14. B@g5 P@f6 15. exf6 gxf6 16. P@h6 fxg5 17. P@g7 
N@f4+ 18. Kg3 P@h4+ 19. Kf3 Ne5+ 20. Ke3 Ng2+ 21. Kd2 Qxd4+ 22. cxd4 N@e4# 
{BEO checkmated} 0-1

[Event "fics rated crazyhouse match"]
[Site "fics, Oklahoma City, OK USA"]
[Date "2000.10.23"]
[White "Gobi"]
[WhiteElo "2334"]
[Black "BEO"]
[BlackElo "2291"]
[TimeControl "180+0"]
[Result "1-0"]

1. e4 e6 2. d4 d5 3. Nc3 Nf6 4. e5 Ne4 5. Bd3 Bb4 6. Bd2 
Nxd2 7. Qxd2 Nc6 8. Nge2 B@e4 9. Bxe4 dxe4 10. N@h5 B@h6 11. Qxh6 gxh6 
12. Nf6+ Kf8 13. B@e3 Bxc3+ 14. bxc3 N@f5 15. B@f4 Q@g6 16. B@h3 Nxe3 17. Bxe3 
B@g7 18. N@h4 Bxf6 19. Nxg6+ hxg6 20. exf6 Qxf6 21. B@f4 P@g7 22. Bxc7 N@c4 
23. Q@c5+ Kg8 24. Qxc4 N@d5 25. N@g4 Qe7 26. P@d6 Qd7 27. Qxd5 exd5 28. N@f6+ 
gxf6 29. Nxf6+ Kg7 30. Bxd7 Bxd7 31. Nxd7 N@g4 32. P@e5 Kh7 33. Bxh6 Nxh6 
34. Nf6+ Kg7 35. Nh5+ gxh5 36. P@f6+ Kg6 37. Q@g7+ Kf5 38. B@d7+ N@e6 39. Bxe6# 
{BEO forfeits on time} 1-0

[Event "fics rated crazyhouse match"]
[Site "fics, Oklahoma City, OK USA"]
[Date "2000.10.23"]
[White "BEO"]
[WhiteElo "2284"]
[Black "Gobi"]
[BlackElo "2341"]
[TimeControl "180+0"]
[Result "1-0"]

1. e4 Nf6 2. e5 Nd5 3. d4 d6 4. Nf3 Bg4 5. Be2 e6 6. O-O 
Nc6 7. Nc3 Nxc3 8. bxc3 N@d5 9. Bd2 Bxf3 10. Bxf3 dxe5 11. dxe5 Nxe5 
12. Bxd5 Qxd5 13. N@f4 Qe4 14. B@d3 Qc6 15. N@d4 Qd7 16. Re1 Nxd3 17. cxd3 
N@c5 18. P@d5 Be7 19. N@e5 Qd6 20. Nxf7 Kxf7 21. dxe6+ Kf8 22. Nf5 Qc6 
23. P@d5 Qb5 24. Nxe7 Kxe7 25. B@b4 P@d6 26. Bxc5 Qxc5 27. N@f5+ Kd8 28. Be3 
Qxc3 29. Rc1 Qe5 30. P@e7+ Kc8 31. Nxd6+ Qxd6 32. P@d7+ Kb8 33. e8=Q+ Rxe8 
34. dxe8=Q+ B@c8 35. R@d8 Qxd8 36. Qxd8 B@a5 37. Qxc8+ Kxc8 38. B@d7+ Kb8 39. Q@c8# 
{Gobi checkmated} 1-0

[Event "fics rated crazyhouse match"]
[Site "fics, Oklahoma City, OK USA"]
[Date "2000.10.23"]
[White "Gobi"]
[WhiteElo "2332"]
[Black "BEO"]
[BlackElo "2293"]
[TimeControl "180+0"]
[Result "1-0"]

1. e4 e6 2. Nf3 d5 3. Nc3 Nf6 4. e5 Ne4 5. d3 Nxc3 6. bxc3 
Nc6 7. Bd2 Be7 8. Be2 f6 9. N@h5 Rg8 10. Bf4 N@g6 11. exf6 gxf6 
12. Bh6 Kf7 13. h4 Nge5 14. Nxe5+ Nxe5 15. P@g5 N@f5 16. N@g4 Nxg4 17. Bxg4 
Nxh6 18. gxh6 B@b2 19. N@g5+ fxg5 20. N@e5+ Kf8 21. Qf3+ P@f6 22. d4 Bxa1 
23. hxg5 R@c1+ 24. Kd2 Bxc3+ 25. Kxc3 N@e4+ 26. Kb2 N@c4+ 27. Kxc1 P@b2+ 28. Kd1 
b1=Q+ 29. B@c1 Nb2+ 30. Ke2 Qxc2+ 31. P@d2 Bb4 32. Nxf6 Nc3+ 33. Qxc3 
{BEO forfeits on time} 1-0

[Event "fics rated crazyhouse match"]
[Site "fics, Oklahoma City, OK USA"]
[Date "2000.10.23"]
[White "BEO"]
[WhiteElo "2286"]
[Black "Gobi"]
[BlackElo "2339"]
[TimeControl "180+0"]
[Result "0-1"]

1. e4 e5 2. Nf3 Nc6 3. Nc3 Nf6 4. Be2 Bc5 5. O-O O-O 6. d3 
d6 7. Bg5 Be6 8. Nd5 Bxd5 9. exd5 Nb4 10. B@b3 N@f4 11. c3 Nbxd5 
12. d4 exd4 13. cxd4 Bb6 14. P@e5 dxe5 15. dxe5 Nxe2+ 16. Qxe2 P@g4 17. Ne1 
P@f3 18. gxf3 gxf3 19. Nxf3 P@g4 20. Ne1 P@f3 21. Nxf3 gxf3 22. Qxf3 B@g4 
23. Bxd5 Nxd5 24. Qxg4 Qxg5 25. Qxg5 N@f3+ 26. Kh1 Nxg5 27. P@g2 B@e4 28. f3 
Bxf3 29. gxf3 P@g2+ 30. Kxg2 B@h3+ 31. Kg3 Q@g2+ 32. Kh4 Nxf3+ 33. Rxf3 Qg4# 
{BEO checkmated} 0-1

[Event "fics rated crazyhouse match"]
[Site "fics, Oklahoma City, OK USA"]
[Date "2000.10.23"]
[White "PureBugger"]
[WhiteElo "2424"]
[Black "jtp"]
[BlackElo "2293"]
[TimeControl "120+0"]
[Result "1-0"]

1. e3 Nf6 2. b3 e5 3. Bb2 Nc6 4. Bb5 d6 5. Nf3 Bd7 6. O-O 
a6 7. Be2 h5 8. d4 e4 9. Nfd2 h4 10. f3 Qe7 11. fxe4 Nxe4 
12. Nxe4 Qxe4 13. P@f2 P@g3 14. Bf3 gxh2+ 15. Kh1 Qe7 16. N@d5 Qd8 17. Qd3 
P@g3 18. Qe4+ Be7 19. Nbc3 gxf2 20. Ne2 N@g3+ 21. Nxg3 hxg3 22. N@f6+ Kf8 
23. Nxd7+ Qxd7 24. B@g4 P@e6 25. Nf4 d5 26. Qd3 N@f6 27. Bxe6 fxe6 28. Ng6+ 
Kg8 29. Nxh8 Kxh8 30. P@g5 B@f5 31. Qe2 Ne4 32. R@h4+ Kg8 33. Bxe4 dxe4 
34. Qh5 N@g6 35. Qh7+ Kf7 36. N@h6+ Ke8 37. Nxf5 exf5 38. Qxg6+ Kd8 39. Rh8+ 
B@e8 40. N@e6+ Kc8 41. Rxe8+ N@d8 42. Nxd8 Nxd8 43. B@e6 N@b6 44. Bxd7+ Nxd7 
45. Rxd8+ Bxd8 46. N@d6+ Kb8 47. Q@c8# 
{jtp forfeits on time} 1-0

[Event "fics rated crazyhouse match"]
[Site "fics, Oklahoma City, OK USA"]
[Date "2000.10.23"]
[White "jtp"]
[WhiteElo "2288"]
[Black "PureBugger"]
[BlackElo "2433"]
[TimeControl "120+0"]
[Result "0-1"]

1. e4 e6 2. d4 Nc6 3. Nf3 Nf6 4. Nc3 Bb4 5. Bd3 d5 6. exd5 
exd5 7. Qe2+ P@e4 8. P@g5 Ng4 9. Bxe4 dxe4 10. Qxe4+ Qe7 11. Qxe7+ Bxe7 
12. Q@e2 Q@e6 13. P@d5 Qxe2+ 14. Nxe2 Nb4 15. Q@a4+ Bd7 16. Qb3 B@a4 
{jtp resigns} 0-1

[Event "fics rated crazyhouse match"]
[Site "fics, Oklahoma City, OK USA"]
[Date "2000.10.28"]
[White "VABORIS"]
[WhiteElo "2221"]
[Black "LINDEGREN"]
[BlackElo "2390"]
[TimeControl "120+0"]
[Result "0-1"]

1. e4 Nf6 2. Nc3 Nc6 3. d4 d5 4. e5 Ne4 5. Be3 e6 6. Nxe4 
dxe4 7. Nh3 Bb4+ 8. c3 Be7 9. Bb5 Bd7 10. O-O Nxe5 11. Bxd7+ Nxd7 
12. f3 exf3 13. Qxf3 P@f5 14. N@h5 Rg8 15. P@e4 B@g4 16. Qxg4 fxg4 17. B@g6 
hxg6 18. B@h7 Q@h8 19. Bxg6 Rf8 20. Rxf7 Rxf7 21. Bxf7+ Kxf7 22. Rf1+ P@f3 
23. P@g6+ Kxg6 24. N3f4+ Kf7 25. P@g6+ Ke8 26. Rxf3 Nf6 27. Nxf6+ Bxf6 28. Nxe6 
gxf3 29. P@f7+ Kd7 30. Nc5+ Kc8 31. P@c6 N@h3+ 32. gxh3 R@g2+ 33. Kh1 R@f1+ 
34. N@g1 Rgxg1+ 35. Bxg1 N@f2# 
{VABORIS checkmated} 0-1

[Event "fics rated crazyhouse match"]
[Site "fics, Oklahoma City, OK USA"]
[Date "2000.10.28"]
[White "LINDEGREN"]
[WhiteElo "2394"]
[Black "VABORIS"]
[BlackElo "2217"]
[TimeControl "120+0"]
[Result "1-0"]

1. e4 e6 2. Nc3 Nc6 3. d4 Bb4 4. Nf3 Nf6 5. Bd3 d5 6. exd5 
exd5 7. P@e5 Ne4 8. Bd2 Nxf2 9. Kxf2 Nxd4 10. Rf1 Nxf3 11. Qxf3 Bc5+ 
12. Ke1 Qh4+ 13. N@g3 P@f5 14. Bxf5 Bxf5 15. Qxf5 B@e6 16. Qf3 P@a3 17. Nxd5 
P@f2+ 18. Kd1 axb2 19. Rb1 O-O-O 20. P@d6 Bxd5 21. Qxd5 Qg4+ 22. B@f3 N@e3+ 
23. Bxe3 N@c3+ 24. Kd2 Nxd5 25. Bxg4+ P@e6 26. Q@a8+ Kd7 27. B@a4+ c6 28. Qxb7+ 
Q@c7 29. Bxc6# 
{VABORIS checkmated} 1-0

[Event "fics rated crazyhouse match"]
[Site "fics, Oklahoma City, OK USA"]
[Date "2000.10.28"]
[White "VABORIS"]
[WhiteElo "2213"]
[Black "LINDEGREN"]
[BlackElo "2398"]
[TimeControl "120+0"]
[Result "0-1"]

1. e4 Nf6 2. Nc3 Nc6 3. d4 e6 4. Nf3 Bb4 5. Bd3 d5 6. e5 
Ne4 7. Bd2 Bxc3 8. bxc3 Nxd2 9. Nxd2 B@g6 10. O-O Bxd3 11. cxd3 N@f4 
12. Qf3 B@h6 13. N@g4 Qg5 14. B@e3 Rg8 15. Nxh6 gxh6 16. Bxf4 N@e2+ 17. Kh1 
Nxf4 18. N@f6+ Kd8 19. Nxg8 B@g4 20. B@f6+ Qxf6 21. exf6 Bxf3 22. Q@f8+ Q@e8 
23. B@e7+ Kd7 24. Qxe8+ Kxe8 25. Q@f8+ Kd7 26. R@d8+ Nxd8 
{VABORIS forfeits on time} 0-1

[Event "fics rated crazyhouse match"]
[Site "fics, Oklahoma City, OK USA"]
[Date "2000.10.28"]
[White "LINDEGREN"]
[WhiteElo "2402"]
[Black "VABORIS"]
[BlackElo "2209"]
[TimeControl "120+0"]
[Result "1-0"]

1. e4 e6 2. Nc3 Nc6 3. d4 Bb4 4. a3 Bxc3+ 5. bxc3 d5 6. e5 
Nge7 7. Bd3 Nf5 8. Nh3 N@e4 9. Bd2 O-O 10. O-O Bd7 11. f3 Nxd2 
12. Qxd2 B@e3+ 13. Qxe3 Nxe3 14. B@g5 Nxg2 15. Bxd8 Raxd8 16. B@f6 B@h6 17. N@g4 
Q@h5 18. Kxg2 P@e4 19. Nxh6+ Qxh6 20. B@g5 exf3+ 21. Rxf3 gxf6 22. Bxh6 N@h4+ 
23. Kf2 
{VABORIS resigns} 1-0

[Event "fics rated crazyhouse match"]
[Site "fics, Oklahoma City, OK USA"]
[Date "2000.10.28"]
[White "VABORIS"]
[WhiteElo "2205"]
[Black "LINDEGREN"]
[BlackElo "2406"]
[TimeControl "120+0"]
[Result "1-0"]

1. e4 Nf6 2. Nc3 e6 3. d4 Bb4 4. Bg5 h6 5. Bxf6 Qxf6 6. Nf3 
Nc6 7. Bb5 O-O 8. Bxc6 dxc6 9. e5 Qg6 10. Rg1 Qe4+ 11. Qe2 Bxc3+ 
12. bxc3 Qxe2+ 13. Kxe2 N@f4+ 14. Ke3 Nd5+ 15. Kd2 B@b2 16. B@d3 Bxc3+ 17. Ke2 
Nf4+ 18. Kf1 Nxd3 19. N@e7+ Kh7 20. cxd3 P@e2+ 21. Kxe2 B@h5 22. g4 B@g6 
23. gxh5 Bxd3+ 24. Kxd3 P@c4+ 25. Kxc4 b5+ 26. Kxc3 Q@a3+ 27. Kd2 Qb2+ 28. Ke3 
Qc3+ 29. Kf4 g5+ 30. hxg6+ fxg6+ 31. N@f6+ Rxf6+ 32. exf6 N@h5+ 33. Kg4 P@f5+ 
34. Kh4 
{LINDEGREN forfeits on time} 1-0

[Event "fics rated crazyhouse match"]
[Site "fics, Oklahoma City, OK USA"]
[Date "2000.10.28"]
[White "LINDEGREN"]
[WhiteElo "2394"]
[Black "VABORIS"]
[BlackElo "2217"]
[TimeControl "120+0"]
[Result "1-0"]

1. e4 e6 2. Nc3 Nc6 3. d4 Bb4 4. a3 Be7 5. Nf3 d5 6. exd5 
exd5 7. Bb5 Bg4 8. h3 Bxf3 9. Qxf3 P@f4 10. Bxf4 N@e4 11. Nxe4 dxe4 
12. Qxe4 Nf6 13. Bxc6+ bxc6 14. Qxc6+ B@d7 15. Qf3 Rb8 16. B@b3 Rxb3 17. Qxb3 
B@d5 18. Qg3 N@f5 19. Qd3 Bxg2 20. Rg1 Be4 21. Qd2 Nd5 22. P@e3 Nxf4 
23. exf4 B@h4 24. P@g3 Bhf6 25. P@e5 P@h2 26. Rf1 Bxe5 27. fxe5 P@g2 28. O-O-O 
gxf1=Q 29. Rxf1 R@a1+ 30. R@b1 h1=Q 31. Rxh1 Rxb1+ 32. Kxb1 Bxh1 33. R@d1 Bf3 
34. P@e2 Bd5 35. B@d3 Nxd4 36. N@h5 P@a2+ 37. Ka1 R@b1+ 38. Rxb1 axb1=Q+ 39. Kxb1 
Bf8 40. N@f6+ gxf6 41. Nxf6+ Qxf6 42. exf6 R@a2 43. R@b8+ N@d8 44. Rxd8+ Kxd8 
45. P@e7+ Bxe7 46. fxe7+ Kxe7 47. B@b4+ P@d6 48. Qe3+ Ne6 49. N@f5+ Kd8 50. Q@b8+ 
N@c8 51. P@e7+ Ke8 52. N@f6# 
{VABORIS checkmated} 1-0